 Dungeon Crawl Stone Soup version 0.31.0-11-ge490571c62 (webtiles) character file.

Game seed: 10859103312145135127

796 Ashen the Poker (level 7, 0/51 (56) HPs)
             Began as a Gnoll Reaver on Jan 28, 2024.
             Was an Initiate of Sif Muna.
             Slain by a gnoll sergeant
             ... wielding a +0 spear
              (7 damage)
             ... on level 5 of the Dungeon.
             The game lasted 00:09:25 (4114 turns).

Ashen the Poker (Gnoll Reaver)                      Turns: 4114, Time: 00:09:26

HP:   0/51 (56)     AC:  4    Str: 12    XL:     7   Next: 89%
MP:   15/15         EV: 13    Int: 14    God:    Sif Muna [......]
Gold: 198           SH:  5    Dex: 10    Spells: 11/17 levels left

rFire   . . .        a - +0 spear
rCold   . . .        (no shield)
rNeg    . . .        b - +0 leather armour
rPois   .            (no helmet)
rElec   +            (no cloak)
rCorr   .            (no gloves)
SInv    +            k - +0 pair of boots
Will    .....        l - amulet of reflection
Stlth   ++++         q - ring "Exaom" {rElec SInv}
HPRegen 0.28/turn    p - ring of Shadows {Umbra +Inv Stlth+}
MPRegen 0.14/turn

%: reflection
@: wreathed by umbra, drained
A: fangs 1, strong nose, distributed training
a: Renounce Religion, Evoke Invisibility


You were on level 5 of the Dungeon.
You worshipped Sif Muna.
Sif Muna was noncommittal.
You visited 2 branches of the dungeon, and saw 6 of its levels.

You collected 198 gold pieces.

Inventory:

Hand Weapons
 a - a +0 spear (weapon)
Armour
 b - a +0 leather armour (worn)
 k - a +0 pair of boots (worn)
Jewellery
 l - an amulet of reflection (around neck)
 p - the ring of Shadows (right hand) {Umbra +Inv Stlth+}
   (You took it off a goblin on level 3 of the Dungeon)

   [ring of stealth]

   Umbra:     It surrounds you with an aura of shadow, increasing your stealth
   and reducing the accuracy of all others within it.
   +Inv:      It lets you turn invisible.
   Stlth+:    It makes you more stealthy.
 q - the ring "Exaom" (left hand) {rElec SInv}
   (You took it off a goblin on level 4 of the Dungeon)

   [ring of see invisible]

   rElec:     It insulates you from electricity.
   SInv:      It lets you see invisible.
Wands
 n - a wand of mindburst (11)
 s - a wand of charming (4)
Scrolls
 e - 5 scrolls of identify {unknown}
 h - a scroll of blinking {unknown}
 j - a scroll of teleportation {unknown}
 o - a scroll of vulnerability {unknown}
 r - a scroll of fear {unknown}
Potions
 c - 3 potions of curing {unknown}
 d - a potion of resistance {unknown}
 f - 2 potions of heal wounds {unknown}
 g - a potion of haste {unknown}
 i - a potion of might {unknown}
 m - a potion of attraction {unknown}
 t - a potion of enlightenment {unknown}


   Skills:
 + Level 5.4 Fighting
 + Level 2.9 Short Blades
 + Level 2.9 Long Blades
 + Level 2.9 Axes
 + Level 2.9 Maces & Flails
 + Level 7.2 Polearms
 + Level 2.9 Staves
 + Level 2.9 Ranged Weapons
 + Level 2.9 Throwing
 + Level 2.9 Armour
 + Level 5.4 Dodging
 + Level 2.9 Stealth
 + Level 2.9 Shields
 + Level 2.9 Unarmed Combat
 + Level 5.8 Spellcasting
 + Level 6.0 Conjurations
 + Level 2.3 Hexes
 + Level 2.3 Summonings
 + Level 2.3 Necromancy
 + Level 2.3 Translocations
 + Level 2.3 Fire Magic
 + Level 2.3 Ice Magic
 + Level 2.3 Air Magic
 + Level 2.3 Earth Magic
 + Level 2.3 Alchemy
 + Level 3.2 Invocations
 + Level 2.9 Evocations
 + Level 2.6 Shapeshifting


You had 11 spell levels left.
You knew the following spells:

 Your Spells              Type           Power      Damage    Failure   Level
a - Kiss of Death         Conj/Necr      60%        2d10      3%          1
b - Momentum Strike       Conj/Tloc      30%        3d8       5%          2
c - Hailstorm             Conj/Ice       15%        3d6       11%         3

Your spell library contained the following spells:

 Spells                   Type           Power      Damage    Failure   Level
 Stone Arrow              Conj/Erth      30%        3d8       11%         3
 Animate Armour           Summ/Erth      20%        N/A       61%         4
 Lehudib's Crystal Spear  Conj/Erth      7%         10d3      100%        8


Dungeon Overview and Level Annotations

Branches:
Dungeon (5/15)             Temple (1/1) D:5

Altars:
Cheibriados
Dithmenos
Fedhas
Gozag
Makhleb
Nemelex Xobeh
Qazlal
Ru
Sif Muna
Trog
Vehumet
Wu Jian
Yredelemnul
Zin

Annotations:
D:3 3 runed translucent doors, NimIero's ghost, amateur HOMo


Innate Abilities, Weirdness & Mutations

You have very sharp teeth.
Your uncanny sense of smell can sniff out nearby items.
Your experience applies equally to all skills.


Message History

Aiming: Charm
Press: ? - help, Shift-Dir - straight line, f - gnoll, p - gnoll sergeant
Aim: a gnoll, wielding a +0 club (umbra, chance to affect: 65%)
The gnoll is charmed.
The gnoll sergeant hits you but does no damage.
The gnoll sergeant completely misses your gnoll.
Found a scroll labelled CEP UGHIUNI.
A white imp comes into view.
You see here a scroll labelled CEP UGHIUNI.
The gnoll sergeant hits you from afar with a +0 spear!
* * * LOW HITPOINT WARNING * * *
Aiming: Charm
Press: ? - help, Shift-Dir - straight line, f - gnoll, p - gnoll
Aim: a gnoll, wielding a +0 club (umbra, chance to affect: 65%)
The gnoll is charmed.
The gnoll sergeant closely misses you.
You swap places.
The gnoll sergeant hits your gnoll with a +0 spear.
You hit the gnoll.
The gnoll is moderately wounded.
The gnoll barely misses you.
The gnoll sergeant hits your gnoll with a +0 spear.
You hit the gnoll but do no damage.
The gnoll is moderately wounded.
The gnoll hits you with a +0 whip.
* * * LOW HITPOINT WARNING * * *
Unknown command.
You swap places.
The gnoll sergeant hits you from afar with a +0 spear!
* * * LOW HITPOINT WARNING * * *
Your gnoll hits the gnoll sergeant with a +0 club.
Your gnoll hits the gnoll with a +0 club.
The gnoll barely misses your gnoll.
Unknown command.
Reach: a) +0 spear
Press: ? - help, Dir - move target, f - gnoll, p - gnoll
Aim: a gnoll, wielding a +0 whip (moderately wounded, ally target, umbra, about 32% to evade your +0 spear)
You reach to attack!
You hit the gnoll.
The gnoll is severely wounded.
The gnoll sergeant hits you from afar with a +0 spear!
You die...

#.# #.#.......# ###.#
#.#.##.##.###.
#..#####.#....).g....
.........####g######
#...##.### #g#
#...##†# #.####
.......# #..g.#
..>)...# #.##g#
.......# ##.##@#
#...##.#
#$[.#.######5#
#...##.#
#.#.gg?......#
.......#
#...#.########
#..##### ##.##.# ..##
#. #.# #.# #. ..# .##
## ..# ## #..#


You could see a gnoll sergeant (ally target), a gnoll (ally target) and 2
friendly gnolls.

Vanquished Creatures
  An ogre (D:4)
  A phantom (D:2)
  2 scorpions
  2 bombardier beetles
  4 hounds
  A jelly (D:4)
  2 iguanas
  Robin (D:4)
  3 gnolls
  5 adders
  6 dart slugs
  3 ribbon worms
  5 orcs
  6 ball pythons
  6 endoplasms
  6 giant cockroaches
  13 goblins
  11 hobgoblins
  7 jackals (D:2)
  4 quokkas
  8 bats
  3 frilled lizards
  4 kobolds
  8 rats
112 creatures vanquished.

Vanquished Creatures (others)
  A bombardier beetle (D:5)
1 creature vanquished.

Grand Total: 113 creatures vanquished

Notes
Turn   | Place    | Note
-------+----------+-------------------------------------------
     0 | D:1      | Ashen the Gnoll Reaver began the quest for the Orb.
     0 | D:1      | Reached XP level 1. HP: 20/20 MP: 6/6
    82 | D:1      | Reached XP level 2. HP: 26/26 MP: 7/7
   290 | D:1      | Reached skill level 5 in Spellcasting
   290 | D:1      | Reached XP level 3. HP: 28/31 MP: 7/9
   445 | D:1      | Learned a level 2 spell: Momentum Strike
   449 | D:1      | Learned a level 3 spell: Hailstorm
   700 | D:2      | Noticed a phantom
   703 | D:2      | Reached skill level 1 in Invocations
   720 | D:2      | Killed a phantom
   721 | D:2      | Reached skill level 1 in Short Blades
   721 | D:2      | Reached skill level 1 in Long Blades
   721 | D:2      | Reached skill level 1 in Axes
   721 | D:2      | Reached skill level 1 in Maces & Flails
   721 | D:2      | Reached skill level 1 in Staves
   721 | D:2      | Reached skill level 1 in Ranged Weapons
   721 | D:2      | Reached skill level 1 in Throwing
   721 | D:2      | Reached skill level 1 in Armour
   721 | D:2      | Reached skill level 1 in Stealth
   721 | D:2      | Reached skill level 1 in Shields
   721 | D:2      | Reached skill level 1 in Unarmed Combat
   721 | D:2      | Reached skill level 1 in Hexes
   721 | D:2      | Reached skill level 1 in Summonings
   721 | D:2      | Reached skill level 1 in Necromancy
   721 | D:2      | Reached skill level 1 in Translocations
   721 | D:2      | Reached skill level 1 in Fire Magic
   721 | D:2      | Reached skill level 1 in Ice Magic
   721 | D:2      | Reached skill level 1 in Air Magic
   721 | D:2      | Reached skill level 1 in Earth Magic
   721 | D:2      | Reached skill level 1 in Alchemy
   721 | D:2      | Reached skill level 1 in Evocations
   721 | D:2      | Reached skill level 1 in Shapeshifting
   721 | D:2      | Reached XP level 4. HP: 19/38 MP: 6/11
   737 | D:2      | Reached XP level 5. HP: 18/43 MP: 5/12
  1683 | D:3      | Noticed NimIero's ghost (amateur HOMo)
  1717 | D:3      | Found a runed translucent gate.
  1718 | D:3      | Found a runed translucent gate.
  1719 | D:3      | Found a runed translucent gate.
  1899 | D:3      | Reached XP level 6. HP: 25/50 MP: 14/14
  2014 | D:3      | Reached skill level 5 in Fighting
  2014 | D:3      | Reached skill level 5 in Dodging
  2042 | D:3      | Found a faded altar of an unknown god.
  2724 | D:4      | Identified the orb of Understanding {*Rage, Int-5 Hexes
                  | Earth}
  2736 | D:4      | Reached skill level 7 in Polearms
  2736 | D:4      | Reached XP level 7. HP: 36/45 MP: 15/15
  2861 | D:4      | Identified the ring "Exaom" {rElec SInv}
  3430 | D:4      | Noticed Robin
  3444 | D:4      | Killed Robin
  3663 | D:5      | Entered Level 5 of the Dungeon
  3743 | D:5      | Found a staircase to the Ecumenical Temple.
  3805 | Temple   | Entered the Ecumenical Temple
  3826 | Temple   | Became a worshipper of Sif Muna the Loreminder
  4114 | D:5      | Slain by a gnoll sergeant

Illustrated notes

Levels and vault maps discovered:
D:1:      dpeg_arrival_arbitrary_b, layout_basic
D:2:      layout_loops_ring, nicolae_figureground_pulse
D:3:      minmay_octagon_keep, layout_basic, chequers_ecumenical_altar_island,
          gammafunk_ghost_split
D:4:      layout_loops_ring, uniq_robin
D:5:      layout_loops_ring, minmay_temple_entry_stoned_glass
Temple:   dpeg_chambers_temple

Skill      XL: |  1  2  3  4  5  6  7 |
---------------+----------------------+-----
Spellcasting   | 5 |  5.8
Invocations    | 1 2 3 |  3.2
Short Blades   | 1 2 |  2.9
Long Blades    | 1 2 |  2.9
Axes           | 1 2 |  2.9
Maces & Flails | 1 2 |  2.9
Staves         | 1 2 |  2.9
Ranged Weapons | 1 2 |  2.9
Throwing       | 1 2 |  2.9
Armour         | 1 2 |  2.9
Stealth        | 1 2 |  2.9
Shields        | 1 2 |  2.9
Unarmed Combat | 1 2 |  2.9
Hexes          | 1 2 |  2.3
Summonings     | 1 2 |  2.3
Necromancy     | 1 2 |  2.3
Translocations | 1 2 |  2.3
Fire Magic     | 1 2 |  2.3
Ice Magic      | 1 2 |  2.3
Air Magic      | 1 2 |  2.3
Earth Magic    | 1 2 |  2.3
Alchemy        | 1 2 |  2.3
Evocations     | 1 2 |  2.9
Shapeshifting  | 1 2 |  2.6
Fighting       | 5 |  5.4
Dodging        | 5 |  5.4
Polearms       | 7 |  7.2
Conjurations   | 6 |  6.0

Action                     |  1- 3 |  4- 6 |  7- 9 || total
---------------------------+-------+-------+-------++-------
  Melee: Spear             |   116 |   225 |   212 ||   553
         Bite              |    10 |    20 |    27 ||    57
         Punch             |       |     2 |     7 ||     9
   Cast: Momentum Strike   |     1 |     3 |     2 ||     6
         Kiss of Death     |       |     4 |     1 ||     5
  Evoke: Wand              |       |     5 |     2 ||     7
   Stab: Sleeping          |     1 |     2 |     6 ||     9
 Armour: Leather armour    |    62 |    70 |    54 ||   186
  Dodge: Dodged            |    65 |    92 |    71 ||   228
  Block: Other             |       |    21 |    18 ||    39
         Reflection        |       |     1 |     3 ||     4
